 Dungeon Crawl Stone Soup version 0.28.0-53-g5a82cb258f (webtiles) character file.

Game seed: 195534251145986727

226 styxcanada the Covert (level 5, -4/27 HPs)
             Began as a Spriggan Brigand on May 19, 2022.
             Slain by a gnoll
             ... wielding a +0 flail
              (9 damage)
             ... on level 4 of the Dungeon on May 21, 2022.
             The game lasted 00:15:30 (3110 turns).

styxcanada the Covert (Spriggan Brigand)            Turns: 3110, Time: 00:15:31

Health: -4/27      AC:  3    Str:  7    XL:     5   Next: 69%
Magic:  6/6        EV: 18    Int: 12    God:
Gold:   128        SH:  0    Dex: 19    Spells: 4/4 levels left

rFire   . . .      SeeInvis +   a - +2 dagger
rCold   . . .      Faith    .   (no shield)
rNeg    . . .      Spirit   .   b - +0 robe
rPois   .          Reflect  .   (helmet restricted)
rElec   .          Harm     .   c - +0 cloak
rCorr   .          Rampage  .   (gloves unavailable)
Will    .....                   (boots unavailable)
Stlth   ++++......              (no amulet)
HPRegen 0.09/turn               (no ring)
MPRegen 0.10/turn               (no ring)

@: very quick
A: very small, no large weapons, unfitting armour, see invisible, speed 3
a: no special abilities


You were on level 4 of the Dungeon.
You visited 1 branch of the dungeon, and saw 4 of its levels.

You collected 128 gold pieces.

Inventory:

Hand Weapons
 a - a +2 dagger (weapon)
 i - a +0 hunting sling
 o - a +2 quarterstaff of chaos
Missiles
 d - 11 poisoned darts (quivered)
 e - a curare-tipped dart
 g - 140 stones
 r - 18 sling bullets
Armour
 b - a +0 robe (worn)
 c - a +0 cloak (worn)
Wands
 w - a wand of charming (13)
Scrolls
 f - a scroll of enchant weapon {unknown}
 h - 4 scrolls of vulnerability {unknown}
 m - a scroll of holy word {unknown}
 n - a scroll of enchant armour {unknown}
 t - a scroll of acquirement {unknown}
Potions
 j - 2 potions of curing {unknown}
 k - 3 potions of mutation {unknown}
 l - a potion of berserk rage {unknown}
 p - 2 potions of heal wounds
 s - a potion of magic {unknown}
 u - a potion of degeneration {unknown}
 v - a potion of haste {unknown}


   Skills:
 * Level 2.4 Fighting
 + Level 2.6 Short Blades
 + Level 1.5(2.4) Slings
 + Level 2.3(2.5) Throwing
 * Level 3.0 Dodging
 * Level 8.3 Stealth
 * Level 1.6 Evocations


You had 4 spell levels left.
You didn't know any spells.
Your spell library contained the following spells:

 Spells                   Type           Power      Damage    Failure   Level
 Scorch                   Fire           0%         2d5       45%         2
 Sublimation of Blood     Necr           0%         N/A       45%         2
 Wereblood                Tmut           0%         N/A       45%         2
 Flame Wave               Conj/Fire      0%         2d4       97%         4
 Summon Cactus Giant      Summ           0%         N/A       100%        6
 Summon Hydra             Summ           0%         N/A       100%        7


Dungeon Overview and Level Annotations

Branches:
Dungeon (4/15)
 Temple: D:4-7

Altars:
Trog
The Shining One
Beogh

Shops:
D:1 *

Annotations:
D:3 Natasha


Innate Abilities, Weirdness & Mutations

You are very small and have problems with some larger weapons.
You are too small for most types of armour.
You have supernaturally acute eyesight. (SInv)
You cover ground extremely quickly. (Speed+++)


Message History

You hit the gnoll.
The gnoll is moderately wounded.
The gnoll completely misses you.
You hit the gnoll but do no damage.
The gnoll is moderately wounded.
The gnoll closely misses you.
You hit the gnoll.
The gnoll is moderately wounded.
The gnoll closely misses you.
You hit the gnoll.
The gnoll is heavily wounded.
The gnoll misses you.
You hit the gnoll.
The gnoll is severely wounded.
The gnoll hits you with a +0 spear!
You hit the gnoll.
You kill the gnoll!
There is a stone staircase leading down here.
You see here a +0 spear.
d - 10 poisoned darts (gained 1)
d - 11 poisoned darts (gained 1)
A gnoll comes into view. It is wielding a +0 flail.
You hit the gnoll.
The gnoll is lightly wounded.
The gnoll hits you with a +0 flail.
You hit the gnoll but do no damage.
The gnoll is lightly wounded.
The gnoll completely misses you.
A gnoll comes into view. It is wielding a +0 flail.
You hit the gnoll.
The gnoll is moderately wounded.
The gnoll closely misses you.
You hit the gnoll.
The gnoll is heavily wounded.
The gnoll hits you with a +0 flail.
* * * LOW HITPOINT WARNING * * *
You hit the gnoll.
The gnoll is heavily wounded.
The gnoll hits you with a +0 flail!
You die...

..# ..# ..#
### #.. ...
.. .. #+..#
##g .#.....#
#!g##......#.
#@># ......
###..##......
#..##........
##.##.#.#.##.
###.#.#+#....
#....†...#
#........###
#............
###.###+#####


You could see 2 gnolls.

Vanquished Creatures
  A phantom (D:3)
  Crazy Yiuf (D:2)
  Robin (D:3)
  4 adders
  A gnoll (D:4)
  3 dart slugs
  8 bats
  3 endoplasms
  A giant cockroach (D:1)
  10 goblins
  10 hobgoblins
  8 kobolds
  4 ball pythons
  4 frilled lizards
  2 rats
61 creatures vanquished.

Notes
Turn   | Place    | Note
-------+----------+-------------------------------------------
     0 | D:1      | styxcanada the Spriggan Brigand began the quest for the
                  | Orb.
     0 | D:1      | Reached XP level 1. HP: 10/10 MP: 2/2
    23 | D:1      | Reached skill level 6 in Stealth
    68 | D:1      | Found Pakhlup's Assorted Antiques.
   129 | D:1      | Reached XP level 2. HP: 13/14 MP: 3/3
   558 | D:1      | Found a faded altar of an unknown god.
   846 | D:1      | Upgraded the game from 0.28.0-49-g6dfe1f597d to
                  | 0.28.0-53-g5a82cb258f
   848 | D:2      | Found a bloodstained altar of Trog.
   975 | D:2      | Reached XP level 3. HP: 18/18 MP: 4/4
  1046 | D:2      | Found a runed translucent door.
  1047 | D:2      | Noticed Crazy Yiuf
  1054 | D:2      | Killed Crazy Yiuf
  1055 | D:2      | Reached skill level 7 in Stealth
  1391 | D:2      | Reached XP level 4. HP: 19/23 MP: 5/5
  2132 | D:3      | Noticed Robin
  2161 | D:3      | Killed Robin
  2162 | D:3      | Reached skill level 8 in Stealth
  2586 | D:3      | Found a glowing golden altar of the Shining One.
  2598 | D:3      | Noticed a phantom
  2602 | D:3      | Noticed Natasha
  2797 | D:3      | Killed a phantom
  2798 | D:3      | Reached skill level 1 in Slings
  2798 | D:3      | Reached skill level 1 in Evocations
  2798 | D:3      | Reached XP level 5. HP: 15/27 MP: 6/6
  3110 | D:4      | Slain by a gnoll

Illustrated notes

Levels and vault maps discovered:
D:1:      dpeg_arrival_pond, layout_rooms, serial_shops, shop,
          hellmonk_ecumenical_altar_defaced_shrine
D:2:      minmay_wonky_spiral, layout_basic, basic_altar,
          uniq_crazy_yiuf_cottage
D:3:      layout_basic, tso_altar, uniq_robin, uniq_natasha
D:4:      layout_basic, st_stairs_7, minmay_misc_feat_secret_circle

Skill      XL: |  1  2  3  4 |
---------------+-------------+-----
Stealth        | 6 7 8 |  8.3
Dodging        | 2 3 |  3.0
Fighting       | 2 |  2.4
Slings         | 1 |  1.5
Evocations     | 1 |  1.6
Short Blades   | |  2.6
Throwing       | |  2.3

Action                   |  1- 3 |  4- 6 || total
-------------------------+-------+-------++-------
Melee: Dagger            |    90 |   123 ||   213
 Fire: Hunting sling     |       |    35 ||    35
Throw: Dart              |    10 |     9 ||    19
 Stab: Sleeping          |     8 |     3 ||    11
Armor: Robe              |    11 |    13 ||    24
Dodge: Dodged            |    54 |    81 ||   135
